 Dungeon Crawl Stone Soup version 0.27-a0-1312-g5cdb2b3542 (webtiles) character file.

Game seed: 8984713472571104515

698 hatdisgam the Digger (level 7, -7/46 HPs)
             Began as a Formicid Earth Elementalist on June 19, 2021.
             Mangled by an ice beast (12 damage)
             ... on level 4 of the Dungeon.
             The game lasted 00:10:50 (5978 turns).

hatdisgam the Digger (Formicid Earth Elementalist)  Turns: 5978, Time: 00:10:52

Health: -7/46      AC:  5    Str: 13    XL:     7   Next: 97%
Magic:  0/11       EV: 12    Int: 16    God:
Gold:   185        SH:  0    Dex: 11    Spells: 6/12 levels left

rFire    . . .     SeeInvis +   q - +3 dagger
rCold    . . .     Faith    .   (no shield)
rNeg     . . .     Spirit   .   b - +0 robe
rPois    .         Reflect  .   (helmet unavailable)
rElec    .         Harm     .   u - +0 cloak
rCorr    .         Rampage  .   c - +1 pair of gloves
Will     .....                  (no boots)
Stlth    ++........             j - amulet of the acrobat
HPRegen  0.15/turn              (no ring)
MPRegen  0.12/turn              (no ring)

@: no status effects
A: permanent stasis, dig shafts and tunnels, antennae 3, four strong arms
a: Dig, Shaft Self


You were on level 4 of the Dungeon.
You visited 1 branch of the dungeon, and saw 5 of its levels.

You collected 185 gold pieces.

Inventory:

Hand Weapons
 e - a +0 short sword
 m - a +0 spear
 q - a +3 dagger (weapon)
Missiles
 n - 34 stones
 o - 3 curare-tipped darts
Armour
 b - a +0 robe (worn)
 c - a +1 pair of gloves (worn)
 u - a +0 cloak (worn)
Jewellery
 i - a ring of fire
 j - an amulet of the acrobat (around neck)
 l - an amulet of faith
Wands
 w - a wand of polymorph (9)
Scrolls
 d - 3 scrolls of identify {unknown}
 g - a scroll of summoning {unknown}
 k - a scroll of holy word {unknown}
 p - a scroll of teleportation {unknown}
 s - a scroll of enchant armour {unknown}
 t - a scroll of vulnerability {unknown}
Potions
 a - a potion of brilliance {unknown}
 f - 2 potions of lignification {unknown}
 h - 2 potions of haste {unknown}
 r - a potion of berserk rage {unknown}
 v - 2 potions of heal wounds {unknown}


   Skills:
 + Level 3.5 Dodging
 - Level 2.4 Stealth
 - Level 3.3 Spellcasting
 * Level 4.0 Conjurations
 - Level 1.1 Transmutations
 * Level 2.6 Air Magic
 - Level 5.6 Earth Magic


You had 6 spell levels left.
You knew the following spells:

 Your Spells              Type           Power      Damage    Failure   Level
a - Sandblast             Erth           40%        2d10      1%          1
b - Stone Arrow           Conj/Erth      36%        3d9       8%          3
c - Static Discharge      Conj/Air       13%        N/A       7%          2

Your spell library contained the following spells:

 Spells                   Type           Power      Damage    Failure   Level
 Shock                    Conj/Air       52%        1d6       4%          1
 Passwall                 Tmut/Erth      10%        N/A       7%          2
 Beastly Appendage        Tmut           12%        N/A       12%         1
 Wereblood                Tmut           6%         N/A       17%         2
 Spider Form              Tmut/Pois      2%         N/A       41%         3
 Petrify                  Tmut/Erth      13%        N/A       41%         4
 Lee's Rapid Deconstruct  Erth           10%        3d9*      45%         5
 Airstrike                Air            5%         N/A       52%         4
 Lightning Bolt           Conj/Air       6%         1d18      77%         5
 Ice Form                 Ice/Tmut       4%         N/A       82%         4
 Swiftness                Air            Unusable   N/A       N/A         3

Dungeon Overview and Level Annotations

Branches:
Dungeon (5/15)
 Temple: D:4-7

Altars:
Okawaru
Qazlal
The Shining One

Shops:
D:2 ?   D:3 *

Annotations:
D:2 Terence


Innate Abilities, Weirdness & Mutations

You cannot be hasted, slowed, berserked, paralysed or teleported.
You can dig through walls and to a lower floor.
You have a pair of large antennae on your head. (SInv)
Your four strong arms can wield two-handed weapons with a shield.


Message History

The ice beast barely misses you.
Unknown command.
Unknown command.
Casting: Sandblast (safe; 1% risk of failure)
Confirm with . or Enter, or press ? or * to list all spells.
Aiming: Stone Arrow (dangerous; 8% risk of failure)
Press: ? - help, Shift-Dir - straight line, f/p - ice beast
Aim: an ice beast (moderately wounded, 68% to hit)
The stone arrow misses the ice beast.
The ice beast hits you but does no damage.
Unknown command.
Unknown command.
Casting: Stone Arrow (dangerous; 8% risk of failure)
Confirm with . or Enter, or press ? or * to list all spells.
Aiming: Stone Arrow (dangerous; 8% risk of failure)
Press: ? - help, Shift-Dir - straight line, f/p - ice beast
Aim: an ice beast (moderately wounded, 68% to hit)
The stone arrow hits the ice beast!
The ice beast is severely wounded.
The ice beast hits you. The ice beast freezes you!
Casting: Stone Arrow (dangerous; 8% risk of failure)
Confirm with . or Enter, or press ? or * to list all spells.
Aiming: Sandblast (safe; 1% risk of failure)
Press: ? - help, Shift-Dir - straight line, f/p - ice beast
Aim: an ice beast (severely wounded, 81% to hit)
The blast of sand hits the ice beast.
The ice beast is almost dead.
The ice beast hits you. The ice beast freezes you.
* * * LOW HITPOINT WARNING * * *
Casting: Sandblast (safe; 1% risk of failure)
Confirm with . or Enter, or press ? or * to list all spells.
Aiming: Sandblast (safe; 1% risk of failure)
Press: ? - help, Shift-Dir - straight line, f/p - ice beast
Aim: an ice beast (almost dead, 81% to hit)
The blast of sand hits the ice beast.
The ice beast is almost dead.
The ice beast hits you.
* * * LOW HITPOINT WARNING * * *
The ice beast freezes you!
You die...

#########.......#....##.#≈8.≈#.
#...............####....#≈≈≈≈#.
#.......................####'#.
#....................#.........
#...........................#..
#........##....Y.....######.#.#
#........##...########...Y..#.#
###...........Y.# #.######.#
##_######....).@.# #)######.#
##.#### #........# ###.#.......
#.##..# #........# #.....#.....
#.#.#.# #........# #...........
##.##.# #........####...........
###.## ##.................#.....
###.#.# #.........#...........#.#
#..##.###.#########......#####...
#.##..#.....).....#......# #...


You could see an ice beast.

Vanquished Creatures
  Sigmund (D:4)
  An ice beast (D:3)
  A necrophage (D:4)
  A phantom (D:4)
  A howler monkey (D:4)
  A centaur skeleton (D:4)
  An iguana (D:4)
  An orc wizard (D:4)
  7 adders
  A shadow imp (D:4)
  3 worms
  2 dart slugs
  7 orcs
  6 ball pythons
  8 endoplasms
  3 giant cockroaches (D:4)
  8 goblins
  6 hobgoblins
  11 jackals
  3 quokkas
  5 bats
  3 frilled lizards
  4 kobolds
  A quokka skeleton (D:4)
  6 rats
92 creatures vanquished.

Notes
Turn   | Place    | Note
-------+----------+-------------------------------------------
     0 | D:1      | hatdisgam the Formicid Earth Elementalist began the quest
                  | for the Orb.
     0 | D:1      | Reached XP level 1. HP: 13/13 MP: 3/3
   104 | D:1      | Reached XP level 2. HP: 17/19 MP: 0/5
   113 | D:1      | Reached skill level 4 in Earth Magic
   635 | D:1      | Reached XP level 3. HP: 24/24 MP: 6/6
   827 | D:1      | Found a faded altar of an unknown god.
  1036 | D:1      | Learned a level 3 spell: Stone Arrow
  1325 | D:2      | Noticed Terence
  1344 | D:2      | You fall into a shaft and drop 2 floors!
  1609 | D:4      | Noticed a necrophage
  1616 | D:4      | Killed a necrophage
  1617 | D:4      | Reached skill level 1 in Conjurations
  1617 | D:4      | Reached skill level 5 in Earth Magic
  1617 | D:4      | Reached XP level 4. HP: 9/30 MP: 2/8
  1617 | D:4      | Reached XP level 5. HP: 11/35 MP: 2/9
  2760 | D:2      | Reached XP level 6. HP: 36/41 MP: 10/10
  2955 | D:2      | Found Ybifig's Magic Scroll Shoppe.
  3487 | D:3      | Found a glowing golden altar of the Shining One.
  3726 | D:3      | Found Uwoxkot's General Store.
  4014 | D:4      | Learned a level 2 spell: Static Discharge
  4014 | D:4      | Noticed an ice beast
  4087 | D:3      | Killed an ice beast
  4088 | D:3      | Reached skill level 1 in Air Magic
  4693 | D:4      | Reached XP level 7. HP: 31/46 MP: 7/11
  5112 | D:4      | Found a stormy altar of Qazlal.
  5454 | D:4      | Noticed Sigmund
  5461 | D:4      | Killed Sigmund
  5600 | D:4      | Found an iron altar of Okawaru.
  5778 | D:5      | Entered Level 5 of the Dungeon
  5978 | D:4      | Mangled by an ice beast

Illustrated notes

Levels and vault maps discovered:
D:1:      lightli_arrival_statuegarden, layout_loops_cross,
          hellmonk_ecumenical_altar_inner_sanctum
D:2:      layout_basic, serial_shops, nicolae_shop_statue_plus, uniq_terence
D:3:      layout_loops_ring, old_standard_altar, serial_shops,
          nicolae_square_shop, minmay_misc_feat_square
D:4:      minmay_wonky_spiral, layout_basic, marbit_many_paths,
          general_overflow_altar, uniq_sigmund
D:5:      minmay_diamond_boxcup, layout_loops_ring,
          nicolae_ru_the_path_less_chosen, old_standard_altar,
          minmay_temple_entry_arrows, kennysheep_generic_room_14, uniq_eustachio

Skill      XL: |  1  2  3  4  5  6  7 |
---------------+----------------------+-----
Dodging        | 2 3 |  3.5
Earth Magic    | 4 5 |  5.6
Spellcasting   | 3 |  3.3
Conjurations   | 1 2 3 4 |  4.0
Air Magic      | 1 2 |  2.6
Stealth        | |  2.4
Transmutations | |  1.1

Action                   |  1- 3 |  4- 6 |  7- 9 || total
-------------------------+-------+-------+-------++-------
Melee: Unarmed           |    22 |       |       ||    22
       Short sword       |    43 |    30 |       ||    73
       Spear             |       |    79 |       ||    79
       Dagger            |       |    54 |    26 ||    80
 Cast: Sandblast         |    32 |    16 |    14 ||    62
       Stone Arrow       |       |    18 |     9 ||    27
 Abil: Shaft Self        |     1 |       |       ||     1
 Stab: Sleeping          |     5 |    10 |       ||    15
       Distracted        |       |     1 |       ||     1
Armor: Robe              |    17 |    35 |     9 ||    61
Dodge: Dodged            |    53 |   124 |    17 ||   194

Table legend: (Time is in decaauts)
 A = Elapsed time spent in this place.
 B = Non-inter-level travel time spent in this place.
 C = Inter-level travel time spent in this place.
 D = Time resting spent in this place.
 E = Time spent auto-exploring this place.
 F = Levels seen in this place.
 G = Mean time per level.
                   A        B        C        D        E       F      G
               +--------+--------+--------+--------+--------+-----+--------+
         Total |   5998 |   5814 |    184 |    896 |   3820 |   5 | 1199.6 |
       Dungeon |   5998 |   5814 |    184 |    896 |   3820 |   5 | 1199.6 |
               +--------+--------+--------+--------+--------+-----+--------+

Top non-repeatable levels by time:
     D:4: 2272 daAuts
     D:3: 1471 daAuts
     D:1: 1172 daAuts
     D:2: 1067 daAuts
     D:5: 14 daAuts
